 Dungeon Crawl Stone Soup version 0.29-a0-234-g0dae59b3db (webtiles) character file.

Game seed: 13107408685964605503

31 spaghetti the Skirmisher (level 3, -10/39 HPs)
             Began as an Ogre Chaos Knight on Mar 4, 2022.
             Was a Plaything of Xom.
             Killed from afar by a shock serpent (glowing shapeshifter) (23 damage)
             ... with a bolt of electricity
             ... on level 2 of the Dungeon.
             The game lasted 00:01:16 (1093 turns).

spaghetti the Skirmisher (Ogre Chaos Knight)        Turns: 1093, Time: 00:01:17

Health: -10/39     AC:  5    Str: 23 (24) XL:     3   Next: 22%
Magic:  3/3        EV:  9    Int: 13      God:    Xom [.*....]
Gold:   90         SH:  0    Dex:  8      Spells: 2/2 levels left

rFire   . . .      SeeInvis .   j - +1 dagger (venom) {short}
rCold   . . .      Faith    .   (no shield)
rNeg    . . .      Spirit   .   b - +2 robe
rPois   .          Reflect  .   (helmet restricted)
rElec   .          Harm     .   (no cloak)
rCorr   .          Rampage  .   (gloves unavailable)
Will    .....                   (boots unavailable)
Stlth   +.........              (no amulet)
HPRegen 0.13/turn               i - +6 ring of strength
MPRegen 0.08/turn               (no ring)

@: no status effects
A: large, unfitting armour, tough skin 1
a: Renounce Religion


You were on level 2 of the Dungeon.
You worshipped Xom.
You were a plaything of Xom.
You visited 1 branch of the dungeon, and saw 2 of its levels.

You collected 90 gold pieces.


Innate Abilities, Weirdness & Mutations

You are too large for most types of armour.
You have tough skin. (AC +1)


   Skills:
 - Level 4.0 Fighting
 - Level 2.6 Maces & Flails
 - Level 2.1 Dodging
 + Level 2.5 Unarmed Combat


You had 2 spell levels left.
You didn't know any spells.
Your spell library was empty.

Inventory:

Hand Weapons
 a - a +0 mace of chaos {mace}
 j - a +1 dagger of venom (weapon) {short}
   (You took it off a kobold on level 1 of the Dungeon)
Missiles
 e - 4 stones (quivered) {throwing}
 g - 6 poisoned darts {throwing}
Armour
 b - a +2 robe (worn)
Jewellery
 h - a ring of ice
   (You found it on level 1 of the Dungeon)
 i - a +6 ring of strength (left hand)
   (You found it on level 1 of the Dungeon)
Scrolls
 c - a scroll of enchant weapon {unknown}
 k - a scroll of amnesia {unknown}
 l - a scroll of enchant armour {unknown}
 m - a scroll of vulnerability {unknown}
Potions
 d - a potion of lignification {unknown}
 f - a potion of flight {unknown}
 n - a potion of invisibility {unknown}

Dungeon Overview and Level Annotations

Branches:
Dungeon (2/15)

Altars:

##### ....########
.##........####
######........# #
#.###.##.# #.# #.##.#
#.# #.##.#########...
#.###....#.@.S......#
#........#.####.....#
#######.##.# #..## ##
#.##.# ....
##...##.##.###.... #
..................
##....####.###.#..
##.#. #.# # # #..


You could see a shock serpent shaped shifter.


Message History

😕 HP[+6]
You regained 6 hp, and now have 36/39 hp.
Unknown command.
k - a scroll labelled YGIALE POYBELI
l - a scroll labelled JUOPSU NUDISCH 😎 HP[+3]
Your hp is fully restored (39).
Key pressed, stopping explore.
You now have 52 gold pieces (gained 10).
Found a stone staircase leading down.
Key pressed, stopping explore.
No target in view!
Things that are here:
a +0 club {mace}; a +0 dagger {short} You now have 66 gold pieces (gained 14).
m - a scroll labelled QAFRYVATAI
Things that are here:
a +0 club {mace}; a +0 dagger {short} Key pressed, stopping explore.
You now have 79 gold pieces (gained 13).
Found a stone staircase leading down.
n - a scroll labelled ICEYTE WEAXE No target in view!
You see here a +0 club {mace}.
You see here a +0 club {mace}.
Key pressed, stopping explore.
Key pressed, stopping explore. "You have grown too confident for your meagre worth."
You feel weakened.
Unknown command.
As you read the scroll labelled ICEYTE WEAXE, it crumbles to dust.
You feel strangely unstable.
It was a scroll of teleportation.
Unknown command.
Your surroundings suddenly seem different.
Unknown command.
Key pressed, stopping explore.
Done exploring.
Done exploring.
Done exploring.
Done exploring.
Done exploring.
(D) Dungeon
Where to? (Enter - D:1, ? - help)
There is a stone staircase leading down here.
You climb downwards.
There is a stone staircase leading up here.
You see here a +0 dagger {short}.
Unknown command.
Unknown command.
Key pressed, stopping explore.
No target in view!
Key pressed, stopping explore.
Key pressed, stopping explore.
n - a viscous green potion No target in view!
No target in view!
No target in view!
No target in view!
You now have 90 gold pieces (gained 11).
An adder comes into view.
The adder hisses angrily.
An adder is nearby!
An adder is nearby!
You closely miss the adder. The adder bites you but does no damage.
The adder bites you. 😕 HP[-3]
You take 3 damage, and now have 36/39 hp.
You hit the adder. The adder closely misses you. 😕 HP[+1]
You barely miss the adder. The adder bites you. 😕 HP[-4]
You take 4 damage, and now have 33/39 hp.
You hit the adder.
The adder is poisoned.
The adder bites you but does no damage.
You barely miss the adder.
You hear Xom's avuncular chuckle.
The adder changes into a glowing shapeshifter!
The glowing shapeshifter changes into a snapping turtle!
You hit the snapping turtle but do no damage.
The snapping turtle is poisoned.
The snapping turtle barely misses you.
You hit the snapping turtle but do no damage.
The snapping turtle looks even sicker.
The snapping turtle changes into a shock serpent!
You hit the shock serpent. The shock serpent bites you!
Xom is interested.
The shock serpent shocks you!
* * * LOW HITPOINT WARNING * * *
Xom is mildly amused. 😨 HP[-21]
You take 21 damage, and now have 12/39 hp.
MASSIVE DAMAGE!! (PAUSE) Unknown command.
Okay, then. 😨 HP[+1]
The shock serpent shoots out a bolt of lightning at you!
The bolt of electricity hits you!!
Ouch! That really hurt!
You die...
Xom chuckles heartily!

Skill      XL: |  1  2 |
---------------+-------+-----
Unarmed Combat | 1 2 |  2.5
Fighting       | |  4.0
Maces & Flails | |  2.6
Dodging        | |  2.1

Action                   || total
-------------------------++-------
Melee: Mace              ||    73
       Punch             ||     1
       Dagger            ||     8
  Use: Scroll            ||     1
 Stab: Sleeping          ||     1
Armor: Robe              ||    53
Dodge: Dodged            ||    51

Levels and vault maps discovered:
D:1:      lightli_arrival_lavapool, layout_rooms
D:2:      layout_loops_corners, hellmonk_ecumenical_altar_inner_sanctum,
          palyth_stone_intersect

Notes
Turn   | Place    | Note
-------+----------+-------------------------------------------
     0 | D:1      | spaghetti the Ogre Chaos Knight began the quest for the
                  | Orb.
     0 | D:1      | Reached XP level 1. HP: 24/24 MP: 1/1
     0 | D:1      | magus.rc [v1.9.6]
    39 | D:1      | XOM: potion effect (heal wounds)
    56 | D:1      | Reached skill level 1 in Unarmed Combat
    64 | D:1      | Reached XP level 2. HP: 27/32 MP: 2/2
   159 | D:1      | Reached skill level 2 in Unarmed Combat
   355 | D:1      | Reached XP level 3. HP: 38/39 MP: 3/3
   678 | D:1      | XOM: 1-stop teleportation journey
   928 | D:1      | XOM: stat loss: -1 Str (23/24)
  1088 | D:2      | Noticed a glowing shapeshifter
  1088 | D:2      | an adder changed into a glowing shapeshifter
  1088 | D:2      | XOM: polymorph adder -> glowing shapeshifter
  1088 | D:2      | Noticed a snapping turtle
  1088 | D:2      | a glowing shapeshifter changed into a snapping turtle
  1090 | D:2      | Noticed a shock serpent
  1090 | D:2      | a snapping turtle changed into a shock serpent
  1093 | D:2      | Killed from afar by a shock serpent (glowing shapeshifter)

Vanquished Creatures
  A dart slug (D:1)
  2 endoplasms
  A hobgoblin (D:1)
  5 jackals
  5 kobolds
  3 ball pythons (D:1)
  4 bats (D:1)
  2 goblins (D:1)
  3 rats (D:1)
26 creatures vanquished.

Table legend:
 A = Non-vault XP
 B = Vault XP
 C = Vault XP percentage of total XP
 D = Non-vault monster count
 E = Vault monster count
 F = Vault count percentage of total count
                 A         B        C        D         E       F
            +---------+---------+-------+---------+---------+-------
      Total |      45 |       0 |   0.0 |      26 |       0 |   0.0
            +---------+---------+-------+---------+---------+-------
        D:1 |      39 |       0 |   0.0 |      23 |       0 |   0.0
        D:2 |       6 |       0 |   0.0 |       3 |       0 |   0.0
            +---------+---------+-------+---------+---------+-------

Illustrated notes

Table legend:
 A = Kills in this place as a percentage of kills in entire the game.
 B = Kills by you in this place as a percentage of kills by you in the entire game.
 C = Kills by friends in this place as a percentage of kills by friends in the entire game.
 D = Other kills in this place as a percentage of other kills in the entire game.
 E = Experience gained in this place as a percentage of experience gained in the entire game.
 F = Experience gained in this place divided by the number of levels of this place that you have seen.
                   A       B       C       D       E      F
               +-------+-------+-------+-------+-------+----------------------
         Total | 100.0 | 100.0 |   N/A |   N/A | 100.0 |  22.5
       Dungeon | 100.0 | 100.0 |   N/A |   N/A | 100.0 |  22.5
               +-------+-------+-------+-------+-------+----------------------

Table legend: (Time is in decaauts)
 A = Elapsed time spent in this place.
 B = Non-inter-level travel time spent in this place.
 C = Inter-level travel time spent in this place.
 D = Time resting spent in this place.
 E = Time spent auto-exploring this place.
 F = Levels seen in this place.
 G = Mean time per level.
                   A        B        C        D        E       F      G
               +--------+--------+--------+--------+--------+-----+--------+
         Total |   1113 |   1094 |     19 |    296 |    622 |   2 |  556.5 |
       Dungeon |   1113 |   1094 |     19 |    296 |    622 |   2 |  556.5 |
               +--------+--------+--------+--------+--------+-----+--------+

Top non-repeatable levels by time:
     D:1: 839 daAuts
     D:2: 274 daAuts
